 Dungeon Crawl Stone Soup version 0.27-a0-1347-gd8886f0a89 (webtiles) character file.

Game seed: 7581659755749115462

116 funkygono the Gusty (level 5, -3/28 HPs)
             Began as a Tengu Air Elementalist on June 27, 2021.
             Slain by Sigmund (10 damage)
             ... on level 3 of the Dungeon.
             The game lasted 00:04:49 (3174 turns).

funkygono the Gusty (Tengu Air Elementalist)        Turns: 3174, Time: 00:04:49

Health: -3/28      AC:  2    Str:  8    XL:     5   Next: 1%
Magic:  1/11       EV: 15    Int: 17    God:
Gold:   197        SH:  0    Dex: 14    Spells: 0/10 levels left

rFire    . . .     SeeInvis .   j - +0 whip
rCold    . . .     Faith    .   (no shield)
rNeg     . . .     Spirit   .   a - +0 robe
rPois    .         Reflect  .   (helmet restricted)
rElec    .         Harm     .   (no cloak)
rCorr    .         Rampage  .   (no gloves)
Will     .....                  (boots unavailable)
Stlth    ++........             (no amulet)
HPRegen  0.09/turn              (no ring)
MPRegen  0.12/turn              (no ring)

@: flying quickly and evasively, quick
A: beak, talons 3, nimble flight
a: no special abilities


You were on level 3 of the Dungeon.
You visited 1 branch of the dungeon, and saw 3 of its levels.

You collected 197 gold pieces.

Inventory:

Hand Weapons
 j - a +0 whip (weapon)
Armour
 a - a +0 robe (worn)
 e - a +0 kite shield
Magical Staves
 k - a staff of conjuration
Scrolls
 c - a scroll of identify
Potions
 b - a potion of might
 d - a potion of cancellation
 h - a potion of brilliance {unknown}
 i - a potion of berserk rage {unknown}
 l - a potion of haste {unknown}


   Skills:
 + Level 2.4 Dodging
 - Level 2.0 Stealth
 + Level 3.4 Spellcasting
 + Level 3.0 Conjurations
 + Level 5.1 Air Magic


You couldn't memorise any spells.
You knew the following spells:

 Your Spells              Type           Power      Damage    Failure   Level
a - Shock                 Conj/Air       64%        1d7       3%          1
b - Static Discharge      Conj/Air       16%        N/A       4%          2
c - Swiftness             Air            20%        N/A       6%          3
d - Airstrike             Air            10%        N/A       21%         4

Your spell library contained the following spells:

 Spells                   Type           Power      Damage    Failure   Level
 Lightning Bolt           Conj/Air       8%         1d20      65%         5


Dungeon Overview and Level Annotations

Branches:
Dungeon (3/15)

Altars:

Annotations:
D:3 Sigmund


Innate Abilities, Weirdness & Mutations

You have a beak for a mouth.
You have claws for feet.
Your magical nature lets you fly swiftly and evasively.


Message History

Casting: Static Discharge (safe; 4% risk of failure)
Confirm with . or Enter, or press ? or * to list all spells.
You don't know that spell.
Something hits you.
* * * LOW HITPOINT WARNING * * *
Unknown command.
It was a potion of curing.
You feel better. Something hits you!
* * * LOW HITPOINT WARNING * * *
Casting: Static Discharge (safe; 4% risk of failure)
Confirm with . or Enter, or press ? or * to list all spells.
Okay, then.
You hear some strange, mumbled words.
Something tries to affect you, but you resist.
Casting: Static Discharge (safe; 4% risk of failure)
Confirm with . or Enter, or press ? or * to list all spells.
Something is struck by an arc of lightning.
You are struck by an arc of lightning.
* * * LOW HITPOINT WARNING * * *
The lightning grounds out.
You hear some strange, mumbled words.
You are confused.
It was a potion of heal wounds.
You feel much better.
You hear some strange, mumbled words.
Something tries to affect you, but you resist.
You're too confused to cast spells.
Unknown command.
You bump into the rock wall.
Something hits you.
You closely miss something. Something hits you!
You completely miss something. You claw something. Your peck misses something.
You hear some strange, mumbled words.
You are more confused.
You bump into the rock wall.
Something hits you.
* * * LOW HITPOINT WARNING * * *
You feel better. Something hits you!
* * * LOW HITPOINT WARNING * * *
Casting: Static Discharge (safe; 4% risk of failure)
Confirm with . or Enter, or press ? or * to list all spells.
Okay, then.
You miss something. Something hits you!
You die...

.....# .....#
#......... .....#
#......... ######
#........
###########........
...................
####............)#
###............{#
##..............@#
.'...............+
##...............#
#...............#
###.............#
#.............#
#.............#
#......[......#
#.............#


There were no monsters in sight!

Vanquished Creatures
  Jessica (D:3)
  2 adders
  2 adder zombies (D:1)
  2 worms (D:2)
  A dart slug (D:2)
  An orc (D:3)
  11 ball pythons
  5 endoplasms
  2 giant cockroaches
  4 goblins
  2 jackals (D:3)
  2 quokkas
  4 bats
  6 frilled lizards
  8 kobolds
  9 rats
62 creatures vanquished.

Notes
Turn   | Place    | Note
-------+----------+-------------------------------------------
     0 | D:1      | funkygono the Tengu Air Elementalist began the quest for
                  | the Orb.
     0 | D:1      | Reached XP level 1. HP: 10/10 MP: 4/4
   215 | D:1      | Found a faded altar of an unknown god.
   282 | D:1      | Reached XP level 2. HP: 15/15 MP: 4/6
   571 | D:1      | Learned a level 2 spell: Static Discharge
   878 | D:1      | Reached XP level 3. HP: 19/19 MP: 0/7
  1417 | D:1      | Learned a level 3 spell: Swiftness
  1801 | D:2      | Reached skill level 5 in Air Magic
  2068 | D:2      | Reached XP level 4. HP: 10/24 MP: 4/9
  2858 | D:3      | Noticed Jessica
  2861 | D:3      | Killed Jessica
  3070 | D:3      | Gained mutation: Your magical nature lets you fly swiftly
                  | and evasively. [Tengu growth]
  3070 | D:3      | Reached XP level 5. HP: 28/28 MP: 5/11
  3075 | D:3      | Learned a level 4 spell: Airstrike
  3154 | D:3      | Noticed Sigmund
  3174 | D:3      | Slain by Sigmund

Illustrated notes

Levels and vault maps discovered:
D:1:      saegor_arrival_fortress, layout_basic,
          hellmonk_ecumenical_altar_lost_god,
          wander_ebering_terrifying_dragon_lair
D:2:      layout_basic, chequers_hall_statues_wall_a
D:3:      layout_basic, uniq_sigmund, uniq_jessica

Skill      XL: |  1  2  3  4 |
---------------+-------------+-----
Conjurations   | 2 3 |  3.0
Air Magic      | 5 |  5.1
Spellcasting   | 3 |  3.4
Dodging        | |  2.4
Stealth        | |  2.0

Action                   |  1- 3 |  4- 6 || total
-------------------------+-------+-------++-------
Melee: Unarmed           |     4 |       ||     4
       Kick              |     3 |     1 ||     4
       Club              |    12 |       ||    12
       Peck              |     1 |       ||     1
       Whip              |       |     3 ||     3
 Cast: Shock             |    82 |    51 ||   133
       Static Discharge  |       |     3 ||     3
  Use: Scroll            |     2 |     2 ||     4
       Potion            |       |     3 ||     3
Armor: Robe              |     4 |     1 ||     5
Dodge: Dodged            |    18 |     5 ||    23

Table legend: (Time is in decaauts)
 A = Elapsed time spent in this place.
 B = Non-inter-level travel time spent in this place.
 C = Inter-level travel time spent in this place.
 D = Time resting spent in this place.
 E = Time spent auto-exploring this place.
 F = Levels seen in this place.
 G = Mean time per level.
                   A        B        C        D        E       F      G
               +--------+--------+--------+--------+--------+-----+--------+
         Total |   3172 |   3117 |     55 |      0 |   2801 |   3 | 1057.3 |
       Dungeon |   3172 |   3117 |     55 |      0 |   2801 |   3 | 1057.3 |
               +--------+--------+--------+--------+--------+-----+--------+

Top non-repeatable levels by time:
     D:1: 1528 daAuts
     D:2: 1084 daAuts
     D:3: 559 daAuts
